 Dungeon Crawl Stone Soup version 0.17.0-56-gd8de76c (webtiles) character file.

137 plasmid the Changer (level 5, -1/40 HPs)
             Began as a Draconian Transmuter on Dec 4, 2015.
             Slain by an orc
             ... wielding a +0 falchion
              (2 damage)
             ... on level 3 of the Dungeon.
             The game lasted 00:18:00 (1714 turns).

plasmid the Changer (Draconian Transmuter)          Turns: 1714, Time: 00:18:00

Health: -1/40      AC:  2    Str: 15 (18) XL:     5   Next: 0%
Magic:  14/17      EV: 25    Int: 19      God:
Gold:   76         SH:  0    Dex: 22      Spells: 2 memorised, 4 levels left

rFire  + . .     SeeInvis .       - Unarmed
rCold  + . .     Rnd*Rage +     (armour unavailable)
rNeg   . . .     SustAt   .     (shield currently unavailable)
rPois  .         Gourm    .     (helmet currently unavailable)
rElec  +         Spirit   .     (cloak currently unavailable)
rCorr  +         Warding  .     (gloves currently unavailable)
rMut   .         Stasis   .     (boots currently unavailable)
MR     .....                    (no amulet)
Stlth  +++.......               k - ring of magical power
                                t - +6 ring of strength

@: brilliant, agile, spider-form, resistant, slowed, very slow, not resistant to
hostile enchantments, fairly stealthy
A: unfitting armour, (horns 0), berserk 1, (cold-blooded), AC +5
a: End Transformation


You were on level 3 of the Dungeon.
You were not hungry.
You were a venomous arachnid creature.
You visited 1 branch of the dungeon, and saw 3 of its levels.

You collected 76 gold pieces.

Inventory:

Hand Weapons
 e - a +2 dagger of holy wrath (melded)
 j - a +0 hand axe
Missiles
 a - 33 arrows
 u - 7 poisoned needles
 v - 26 stones (quivered)
Armour
 m - a +0 robe
 n - a +0 helmet
Jewellery
 i - a +3 ring of dexterity
 k - a ring of magical power (right front leg)
 p - an uncursed ring of see invisible
 t - a +6 ring of strength (left front leg)
 w - an uncursed amulet of stasis
 x - an uncursed ring of poison resistance {unknown}
Scrolls
 f - 2 scrolls of remove curse
Books
 b - a book of Changes

   Spells                             Type                      Level
   a - Beastly Appendage              Transmutation                1
   b - Sticks to Snakes               Transmutation                2
   c - Spider Form                    Transmutation/Poison         3
   d - Ice Form                       Ice/Transmutation            4
   e - Blade Hands                    Transmutation                5
Comestibles
 c - 3 bread rations
 g - a beef jerky
 o - 3 chunks of flesh


   Skills:
 - Level 1.1 Fighting
 + Level 1.7 Dodging
 - Level 3.0 Unarmed Combat
 - Level 2.1 Spellcasting
 * Level 5.1 Transmutations
 + Level 0.0 Poison Magic


You had 4 spell levels left.
You knew the following spells:

 Your Spells              Type           Power        Failure   Level  Hunger
a - Beastly Appendage     Trmt           ####..       1%          1    #......
b - Spider Form           Trmt/Pois      ###.......   4%          3    ###....


Dungeon Overview and Level Annotations

Branches:
Dungeon (3/15)

Altars:
Cheibriados


Innate Abilities, Weirdness & Mutations

((Your plain brown scales are hard (AC +5).))
Your body does not fit into most forms of armour.
((You are cold-blooded and may be slowed by cold attacks.))
((You have a pair of small horns on your head.))
You tend to lose your temper in combat.


Message History

The goblin misses you. The orc closely misses you.
Drink which item? (? for menu, Esc to quit)
You feel clever all of a sudden. The adder closely misses you.
The orc misses you. The orc completely misses you.
The orc hits you but does no damage. The adder bites you.
* * * LOW HITPOINT WARNING * * *
Casting: Spider Form
Confirm with . or Enter, or press ? or * to list all spells.
You turn into a venomous arachnid creature.
Your +2 dagger of holy wrath melds into your body.
Your +2 dagger of holy wrath stops glowing.
The goblin zaps a wand.
You resist with some effort. The orc closely misses you. The orc misses you.
The adder completely misses you. The goblin misses you.
The orc closely misses you.
The goblin zaps a wand.
You feel yourself slow down. The orc completely misses you.
The adder closely misses you. The orc hits you with a falchion.
You die...

.....##...#......######..........
§g§. #...##########...........<.
##§####...### #.................
#§§§§.#.....####.................
#§§§§§#....................#.....
##§.§.............##.......#...#.
#§...............##.............
##...............##.............
#...........gos.##............#
#...........oSo.###.....#.....#
######........g(# #######......
#.................. #...##.
#......#...#.......# ....## .
#......#...#.......# ...## .
#..................#
#...##.............# #...
#........>....#


You could see an adder, 3 orcs and 2 goblins.

Vanquished Creatures
  A crimson imp (D:3)
  An orc wizard (D:3)
  An orc priest (D:3)
  A worm (D:2)
  2 giant geckos (D:1)
  3 orcs (D:3)
  A ball python (D:2)
  A giant cockroach (D:3)
  6 goblins
  3 hobgoblins
  6 bats
  3 giant newts
  5 kobolds
  3 rats
37 creatures vanquished.

Notes
Turn   | Place    | Note
--------------------------------------------------------------
     0 | D:1      | plasmid the Draconian Transmuter began the quest for the Orb.
     0 | D:1      | Reached XP level 1. HP: 16/16 MP: 3/3
   492 | D:1      | Reached XP level 2. HP: 20/23 MP: 3/5
   769 | D:2      | Gained mutation: You are frail (-10% HP). [potion of mutation]
   769 | D:2      | Gained mutation: You have a pair of large horns on your head. [potion of mutation]
   769 | D:2      | Gained mutation: You tend to lose your temper in combat. [potion of mutation]
   770 | D:2      | Lost mutation: You are frail (-10% HP). [potion of mutation]
  1330 | D:2      | Reached XP level 3. HP: 23/28 MP: 6/6
  1578 | D:3      | Reached skill level 4 in Transmutations
  1578 | D:3      | Reached XP level 4. HP: 31/35 MP: 7/7
  1586 | D:3      | Learned a level 3 spell: Spider Form
  1619 | D:3      | Reached skill level 5 in Transmutations
  1651 | D:3      | Reached XP level 5. HP: 8/40 MP: 8/8
  1689 | D:3      | Found a snail-covered altar of Cheibriados.
  1694 | D:3      | HP: 2/40 [orc/flail of protection (8)]
  1707 | D:3      | HP: 2/40 [orc/falchion (2)]
  1714 | D:3      | Slain by an orc

Action                   |  1- 3 |  4- 6 || total
-------------------------+-------+-------++-------
Melee: Dagger            |    88 |     4 ||    92
       Unarmed           |     2 |    11 ||    13
 Cast: Beastly Appendage |    17 |     1 ||    18
       Spider Form       |       |     3 ||     3
  Use: Scroll            |     3 |     1 ||     4
       Potion            |     2 |     7 ||     9
 Stab: Sleeping          |     1 |       ||     1
  Eat: Chunk             |     2 |     1 ||     3
